 Dungeon Crawl Stone Soup version 0.27.1-3-gb3d3a73c9e (webtiles) character file.

Game seed: 13745612182614647474

431 pkoi the Ruffian (level 6, -1/59 HPs)
             Began as a Troll Monk on Oct 18, 2021.
             Slain by an ice beast (10 damage)
             ... on level 5 of the Dungeon.
             The game lasted 00:04:06 (2590 turns).

pkoi the Ruffian (Troll Monk)                       Turns: 2590, Time: 00:04:07

Health: -1/59      AC:  6    Str: 22    XL:     6   Next: 66%
Magic:  5/5        EV: 10    Int:  6    God:
Gold:   123        SH:  0    Dex: 17    Spells: 5/5 levels left

rFire    . . .     SeeInvis +     - Unarmed
rCold    . . .     Faith    .   (no shield)
rNeg     . . .     Spirit   .   m - +2 robe "Hymp" {Dex+5}
rPois    +         Reflect  .   c - +0 mask of the Dragon {Will+ Slay+3 SInv}
rElec    .         Harm     .   (no cloak)
rCorr    .         Rampage  .   (gloves unavailable)
Will     ++...                  (boots unavailable)
Stlth    ++........             (no amulet)
HPRegen  1.19/turn              j - ring of poison resistance
MPRegen  0.09/turn              k - ring of willpower

@: no status effects
A: large, unfitting armour, claws 3, regeneration 1, shaggy fur 1, tough skin 1
a: no special abilities


You were on level 5 of the Dungeon.
You visited 1 branch of the dungeon, and saw 5 of its levels.

You collected 757 gold pieces.
You spent 634 gold pieces at shops.

Inventory:

Missiles
 h - 3 javelins (quivered)
 n - 17 poisoned darts
Armour
 a - a +0 robe
 c - the +0 mask of the Dragon (worn) {Will+ Slay+3 SInv}
   (You bought it in a shop on level 2 of the Dungeon)

   Slay:      It affects your accuracy & damage with ranged weapons and melee
   (+3).
   SInv:      It lets you see invisible.
   Will:      It increases your willpower.
 m - the +2 robe "Hymp" (worn) {Dex+5}
   (You found it on level 4 of the Dungeon)

   Dex:       It affects your dexterity (+5).
Jewellery
 d - a ring of ice
 j - a ring of poison resistance (left claw)
 k - a ring of willpower (right claw)
Scrolls
 e - a scroll of identify
 l - a scroll of amnesia
Potions
 b - 3 potions of curing
 f - 2 potions of brilliance {unknown}
 g - a potion of lignification {unknown}
 i - a potion of flight {unknown}


   Skills:
 - Level 2.4 Fighting
 - Level 2.4 Dodging
 - Level 1.0 Stealth
 + Level 7.6 Unarmed Combat


You had 5 spell levels left.
You didn't know any spells.
Your spell library contained the following spells:

 Spells                   Type           Power      Damage    Failure   Level
 Foxfire                  Conj/Fire      0%         2x1d4     45%         1
 Shock                    Conj/Air       0%         1d3       45%         1
 Conjure Flame            Conj/Fire      0%         6-21      83%         3
 Inner Flame              Hex/Fire       0%         N/A       83%         3
 Swiftness                Air            0%         N/A       83%         3
 Airstrike                Air            0%         N/A       99%         4


Dungeon Overview and Level Annotations

Branches:
Dungeon (5/15)
 Temple: D:4-7

Altars:

Shops:
D:2 :[*((


Innate Abilities, Weirdness & Mutations

You are too large for most types of armour.
You have claws for hands.
Your natural rate of healing is unusually fast.
You are covered in fur. (AC +1)
You have tough skin. (AC +1)


Message History

You mangle the water moccasin!!
You kill the water moccasin!
Unknown command.
You closely miss the ice beast.
The ice beast hits you but does no damage.
You claw the ice beast!
The ice beast is heavily wounded.
The ice beast hits you.
* * * LOW HITPOINT WARNING * * *
The ice beast freezes you!
* * * LOW HITPOINT WARNING * * *
You scratch the ice beast but do no damage.
The ice beast is heavily wounded.
The ice beast closely misses you.
You barely miss the ice beast.
The ice beast is heavily wounded.
You scratch the ice beast but do no damage.
The ice beast is heavily wounded.
The ice beast closely misses you.
You closely miss the ice beast.
The ice beast is heavily wounded.
The ice beast hits you but does no damage.
You barely miss the ice beast.
The ice beast is heavily wounded.
The ice beast hits you but does no damage.
You claw the ice beast!
The ice beast is almost dead.
The ice beast barely misses you.
You closely miss the ice beast.
The ice beast is almost dead.
The ice beast hits you.
* * * LOW HITPOINT WARNING * * *
The ice beast freezes you!
* * * LOW HITPOINT WARNING * * *
You closely miss the ice beast.
The ice beast is almost dead.
The ice beast hits you.
* * * LOW HITPOINT WARNING * * *
The ice beast freezes you!
You die...

# ####.##
#.....# #@# .
##Y# #. ##..#
.#.###.8.##
#.........##
.#...8...8.###.
+.....†.......
#.....<......#
+............#


You could see an ice beast.

Vanquished Creatures
  A water moccasin (D:5)
  An ogre (D:4)
  An orc priest (D:3)
  A hound (D:4)
  2 orc wizards (D:3)
  4 adders
  A worm (D:4)
  2 dart slugs
  14 orcs
  6 bats
  4 endoplasms
  3 giant cockroaches
  5 goblins
  4 hobgoblins
  6 jackals
  2 quokkas (D:2)
  6 ball pythons
  3 frilled lizards
  3 kobolds
  5 rats
74 creatures vanquished.

Notes
Turn   | Place    | Note
-------+----------+-------------------------------------------
     0 | D:1      | pkoi the Troll Monk began the quest for the Orb.
     0 | D:1      | Reached XP level 1. HP: 22/22 MP: 0/0
   169 | D:1      | Found a faded altar of an unknown god.
   408 | D:1      | Reached XP level 2. HP: 29/29 MP: 1/1
   868 | D:2      | Found Qoqosaum's Weapon Shoppe.
   873 | D:2      | Found Mukh's General Store.
  1019 | D:2      | Reached skill level 4 in Unarmed Combat
  1059 | D:2      | Reached XP level 3. HP: 29/36 MP: 2/2
  1061 | D:2      | Found Locunt's Antique Weapon Emporium.
  1161 | D:2      | Found Betzysorgh's Antique Armour Emporium.
  1224 | D:2      | Found Buetulun's Book Emporium.
  1333 | D:3      | Reached skill level 5 in Unarmed Combat
  1333 | D:3      | Reached XP level 4. HP: 18/44 MP: 3/3
  1416 | D:3      | Identified a scroll of acquirement
  1416 | D:3      | Acquired 622 gold pieces
  1449 | D:2      | Bought the +0 mask of the Dragon {Will+ Slay+3 SInv} for
                  | 634 gold pieces
  1449 | D:2      | Found the +0 mask of the Dragon {Will+ Slay+3 SInv}
  1738 | D:3      | Reached XP level 5. HP: 42/50 MP: 4/4
  1745 | D:3      | Reached skill level 6 in Unarmed Combat
  2030 | D:4      | Identified the +2 robe "Hymp" {Dex+5}
  2228 | D:4      | Identified the +6 dagger of the Extremely Mad {venom, rN+}
  2537 | D:5      | Entered Level 5 of the Dungeon
  2537 | D:5      | Noticed an ogre
  2537 | D:5      | Noticed a water moccasin
  2537 | D:5      | Noticed an ice beast
  2544 | D:4      | Killed an ogre
  2545 | D:4      | Reached skill level 7 in Unarmed Combat
  2545 | D:4      | Reached XP level 6. HP: 40/59 MP: 5/5
  2580 | D:5      | Killed a water moccasin
  2590 | D:5      | Slain by an ice beast

Illustrated notes

Levels and vault maps discovered:
D:1:      eino_arrival_cavern_b, layout_loops_corners,
          shapermc_ecumenical_altar_venn
D:2:      layout_rooms, serial_shops, shop_statue, shop, shop, shop,
          nicolae_square_shop
D:3:      layout_rooms
D:4:      layout_loops_ring
D:5:      layout_basic, marbit_many_paths, grunt_ministairs_2, nrook_uturn

Skill      XL: |  1  2  3  4  5 |
---------------+----------------+-----
Unarmed Combat | 4 5 7 |  7.6
Fighting       | |  2.4
Dodging        | |  2.4
Stealth        | |  1.0

Action                   |  1- 3 |  4- 6 || total
-------------------------+-------+-------++-------
Melee: Unarmed           |    87 |    94 ||   181
       Punch             |     1 |     3 ||     4
  Use: Potion            |     2 |     1 ||     3
       Scroll            |     1 |     5 ||     6
 Stab: Sleeping          |     2 |     3 ||     5
Armor: Robe              |    25 |    29 ||    54
Dodge: Dodged            |    38 |    53 ||    91
